 Dungeon Crawl Stone Soup version 0.29-a0-25-g7f48f510a0 (webtiles) character file.

Game seed: 18159397112537946415

51 HallandMoats the Skirmisher (level 3, -2/29 HPs)
             Began as a Demonspawn Fighter on Jan 31, 2022.
             Was a Follower of Nemelex Xobeh.
             Killed from afar by Sigmund (4 damage)
             ... with a puff of flame
             ... on level 3 of the Dungeon.
             The game lasted 00:02:18 (1637 turns).

HallandMoats the Skirmisher (Demonspawn Fighter)    Turns: 1637, Time: 00:02:18

Health: -2/29      AC:  6    Str: 18    XL:     3   Next: 57%
Magic:  4/4        EV:  9    Int:  9    God:    Nemelex Xobeh [*.....]
Gold:   75         SH:  0    Dex: 12    Spells: 2/2 levels left

rFire   . . .      SeeInvis .   a - +0 war axe
rCold   . . .      Faith    .   c - +0 buckler
rNeg    . . .      Spirit   .   b - +0 scale mail
rPois   .          Reflect  .   (no helmet)
rElec   .          Harm     .   (no cloak)
rCorr   .          Rampage  .   (no gloves)
Will    .....                   (no boots)
Stlth   ..........              (no amulet)
HPRegen 0.09/turn               (no ring)
MPRegen 0.09/turn               (no ring)

@: confused
A: foul stench 1, demonic touch 1
a: Renounce Religion, Draw Escape, Draw Destruction, Draw Summoning


You were on level 3 of the Dungeon.
You worshipped Nemelex Xobeh.
Nemelex Xobeh was aware of your devotion.
You visited 1 branch of the dungeon, and saw 3 of its levels.

You collected 75 gold pieces.

Inventory:

Hand Weapons
 a - a +0 war axe (weapon)
Armour
 b - a +0 scale mail (worn)
 c - a +0 buckler (worn)
Scrolls
 g - a scroll of magic mapping {unknown}
 h - 2 scrolls of noise {unknown}
 i - a scroll of silence {unknown}
 k - a scroll of identify {unknown}
Potions
 d - a potion of might
 e - a potion of berserk rage {unknown}
 f - a potion of cancellation {unknown}
 j - a potion of magic {unknown}


   Skills:
 * Level 3.4 Fighting
 * Level 2.2 Axes
 + Level 2.8 Armour
 + Level 0.5 Dodging
 + Level 2.9 Shields
 * Level 2.1 Invocations


You had 2 spell levels left.
You didn't know any spells.
Your spell library contained the following spells:

 Spells                   Type           Power      Damage    Failure   Level
 Animate Armour           Summ/Erth      0%         N/A       100%        4
 Blade Hands              Tmut           0%         N/A       100%        5
 Iron Shot                Conj/Erth      0%         9d1       100%        6


Dungeon Overview and Level Annotations

Branches:
Dungeon (3/15)

Altars:
Nemelex Xobeh
Yredelemnul

Annotations:
D:3 Sigmund


Innate Abilities, Weirdness & Mutations

You may rarely emit foul miasma when damaged in melee.
Your touch may inflict minor irresistible damage on your foes.


Message History

You are too injured to fight recklessly!
You are too injured to fight recklessly!
You are too injured to fight recklessly!
You are too injured to fight recklessly!
You are too injured to fight recklessly!
You are too injured to fight recklessly!
You are too injured to fight recklessly!
You are too injured to fight recklessly!
You are too injured to fight recklessly!
You are too injured to fight recklessly!
You are too injured to fight recklessly!
You are too injured to fight recklessly!
You are too injured to fight recklessly!
You are too injured to fight recklessly!
You are too injured to fight recklessly!
You are too injured to fight recklessly!
You are too injured to fight recklessly!
You are too injured to fight recklessly!
You are too injured to fight recklessly!
You are too injured to fight recklessly!
You are too injured to fight recklessly!
Unknown command.
The kobold is engulfed in dark miasma.
The kobold is poisoned.
There is an open door here.
The kobold throws a stone.
The stone hits you but does no damage.
The kobold throws a stone.
The stone hits you but does no damage.
You feel a bit more experienced. Something hits you but does no damage.
You barely miss something. Something hits you.
You emit a cloud of foul miasma!
You barely miss something.
You hear some strange, mumbled words.
You are confused.
Something hits you!
* * * LOW HITPOINT WARNING * * *
You bump into the rock wall.
You hear some strange, mumbled words.
A puff of flame appears from out of thin air!
The puff of flame hits you.
You die...
Your body disappears without a glow.

#....#.....####.#
#.#####
#....#.###...##.# #.#
# #....#.###.#.##..
... #
#....#.....#.#### #
#................ .
#.....####....... ##
#.....# ....... #
#.....####....... #
#....S{.@........
######.....#####+#####
...........#
...........# ###+#####
..........S###........
.............{S.......
#..###########........
#.. ###+##... .. .


You could see an adder.

Vanquished Creatures
  An adder (D:2)
  A worm (D:2)
  2 dart slugs (D:2)
  5 bats
  3 endoplasms (D:2)
  2 giant cockroaches
  3 goblins
  A hobgoblin (D:3)
  A quokka (D:2)
  6 ball pythons
  4 kobolds
  4 rats
33 creatures vanquished.

Notes
Turn   | Place    | Note
-------+----------+-------------------------------------------
     0 | D:1      | HallandMoats the Demonspawn Fighter began the quest for the
                  | Orb.
     0 | D:1      | Reached XP level 1. HP: 18/18 MP: 1/1
   217 | D:1      | Reached skill level 1 in Invocations
   217 | D:1      | Gained mutation: Your touch may inflict minor irresistible
                  | damage on your foes. [demonic ancestry]
   217 | D:1      | Reached XP level 2. HP: 24/24 MP: 2/2
   417 | D:2      | HP: 1/24 [worm (7)]
   976 | D:2      | Found a basalt altar of Yredelemnul.
  1117 | D:2      | Gained mutation: You may rarely emit foul miasma when
                  | damaged in melee. [demonic ancestry]
  1117 | D:2      | Reached XP level 3. HP: 29/29 MP: 4/4
  1134 | D:2      | Found a faded altar of an unknown god.
  1143 | D:2      | Prayed at the altar of an unknown god.
  1143 | D:2      | Became a worshipper of Nemelex Xobeh the Trickster
  1143 | D:2      | Reached * piety under Nemelex Xobeh
  1143 | D:2      | Received a gift from Nemelex Xobeh
  1615 | D:3      | Noticed Sigmund
  1637 | D:3      | Killed from afar by Sigmund

Illustrated notes

Levels and vault maps discovered:
D:1:      lightli_arrival_chessboard, layout_rooms
D:2:      layout_basic, basic_altar, basic_ecumenical_altar,
          minmay_crystal_water, kennysheep_minor_cross
D:3:      layout_basic, pdpol_wu_jian_five_deadly_venoms, uniq_sigmund

Skill      XL: |  1  2  3 |
---------------+----------+-----
Invocations    | 1 2 |  2.1
Axes           | 2 |  2.2
Fighting       | |  3.4
Armour         | |  2.8
Dodging        | |  0.5
Shields        | |  2.9

Action                   || total
-------------------------++-------
Melee: War axe           ||   102
Armor: Scale mail        ||    68
Dodge: Dodged            ||    58
Block: Buckler           ||    19

Table legend: (Time is in decaauts)
 A = Elapsed time spent in this place.
 B = Non-inter-level travel time spent in this place.
 C = Inter-level travel time spent in this place.
 D = Time resting spent in this place.
 E = Time spent auto-exploring this place.
 F = Levels seen in this place.
 G = Mean time per level.
                   A        B        C        D        E       F      G
               +--------+--------+--------+--------+--------+-----+--------+
         Total |   1681 |   1642 |     39 |    272 |   1076 |   3 |  560.3 |
       Dungeon |   1681 |   1642 |     39 |    272 |   1076 |   3 |  560.3 |
               +--------+--------+--------+--------+--------+-----+--------+

Top non-repeatable levels by time:
     D:2: 1151 daAuts
     D:1: 413 daAuts
     D:3: 116 daAuts
